AoeStats
← ERIKXG20

Arena

510655380Analyzed
4v4 RM · 8h ago on Oct 2, 2026· 69m 8s· 8 players
Game mode
Random Map
Map size
Large (8 player)
Population
200
Speed
Normal
Resources
Standard
Victory
Conquest
Starting age
Dark Age
Ending age
Imperial Age
RankedLock teamsTeams togetherTeam positionsShared explorationLock speedFull tech treeHidden civsTurbo modeCheats
Victory
Defeat
🇨🇱 Bohemians · Chile
1151
+9
🇨🇱 Franks · Chile
1126
+10
🇨🇱 Britons · Chile
897
+35
🇨🇱 Mapuche · Chile
866
+19
🇨🇱 Ethiopians · Chile
1002
-15
🇲🇽 Maya · Mexico
1000
-15
🇦🇷 Danes · Argentina
970
-14
🇲🇽 Poles · Mexico
920
-12
Bopp77
10:16 Feudal Age
15:33 Castle Age
13:36 Double-Bit Axe
13:45 Stone Mining
14:40 Horse Collar
24:28 Loom
30:30 Heavy Plow
35:51 Imperial Age
34:31 Gold Mining
35:44 Wheelbarrow
36:34 Bow Saw
36:56 Murder Holes
42:14 Hand Cart
41:45 Town Watch
42:40 Gold Shaft Mining
42:44 Stone Shaft Mining
43:19 Two-Man Saw
41:51 Elite Shotel Warrior
43:40 Halberdier
44:23 Squires
44:46 Town Patrol
45:28 Forging
45:18 Scale Mail Armor
48:08 Iron Casting
47:48 Chain Mail Armor
51:11 Blast Furnace
50:41 Plate Mail Armor
51:11 Padded Archer Armor
51:01 Fletching
52:25 Bodkin Arrow
52:45 Leather Archer Armor
55:42 Chemistry
54:55 Fortified Wall
55:08 Ballistics
54:33 Onager
57:44 Conscription
58:13 Elite Skirmisher
61:30 Arson
azaelo14
0:29 Loom
12:13 Feudal Age
13:20 Double-Bit Axe
16:18 Castle Age
14:24 Horse Collar
15:40 Stone Mining
16:54 Gold Mining
25:52 Town Watch
30:57 Imperial Age
28:37 Pikeman
29:59 Fletching
31:02 Forging
32:09 Bodkin Arrow
34:03 Ballistics
38:44 Chemistry
37:47 Bracer
38:23 Iron Casting
37:36 Halberdier
38:19 Squires
39:03 Arson
39:23 Scale Mail Armor
39:24 Padded Archer Armor
42:11 Conscription
42:50 Chain Mail Armor
43:36 Blast Furnace
43:22 Wheelbarrow
43:05 Eagle Warrior
51:44 Leather Archer Armor
51:59 Plate Mail Armor
55:41 Holcans
54:58 Elite Eagle Warrior
60:34 Ring Archer Armor
60:14 Heavy Plow
60:26 Bow Saw
60:05 Elite Skirmisher
60:51 Thumb Ring
ERIKXG20
3:07 Loom
11:56 Feudal Age
12:27 Double-Bit Axe
19:55 Castle Age
18:13 Horse Collar
20:25 Gold Mining
20:42 Husbandry
22:35 Wheelbarrow
23:12 Forging
24:26 Scale Barding Armor
26:44 Iron Casting
26:56 Treadmill Crane
27:54 Bloodlines
28:11 Heavy Plow
28:57 Szlachta Privileges
30:06 Chain Barding Armor
29:37 Town Watch
31:08 Bow Saw
32:18 Masonry
36:35 Imperial Age
36:58 Fervor
37:24 Hand Cart
36:39 Cavalier
38:22 Blast Furnace
42:39 Chemistry
41:34 Fletching
47:05 Devotion
48:08 Lechitic Legacy
48:25 Hoardings
49:20 Bodkin Arrow
49:34 Crossbowman
50:22 Elite Obuch
51:41 Thumb Ring
51:38 Bracer
51:41 Scale Mail Armor
52:00 Caravan
52:30 Murder Holes
61:57 Chain Mail Armor
Carlos Maslabot
8:20 Loom
10:35 Feudal Age
14:59 Castle Age
12:57 Double-Bit Axe
14:17 Wheelbarrow
24:32 Fletching
27:06 Town Watch
31:10 Elite Skirmisher
34:01 Thumb Ring
34:37 Bodkin Arrow
34:44 Padded Archer Armor
39:32 Imperial Age
37:42 Bow Saw
39:54 Onager
42:32 Chemistry
42:27 Arson
42:45 Squires
43:08 Elite Varangian Guard
45:08 Hand Cart
44:48 Stone Mining
44:51 Gold Mining
45:32 Conscription
45:18 Husbandry
46:13 Bloodlines
45:25 Light Cavalry
46:33 Gambesons
47:43 Pikeman
48:23 Man-at-Arms
55:40 Ballistics
62:44 Halberdier
Pistaxo
3:16 Loom
10:40 Feudal Age
16:23 Castle Age
15:28 Double-Bit Axe
16:59 Wheelbarrow
19:00 Elite Skirmisher
19:58 Stone Mining
24:31 Horse Collar
25:02 Fletching
27:14 Padded Archer Armor
27:27 Heavy Plow
27:43 Bow Saw
27:26 Gold Mining
29:25 Town Watch
29:13 Pikeman
30:34 Gold Shaft Mining
30:18 Hand Cart
30:40 Leather Archer Armor
32:37 Stone Shaft Mining
36:21 Imperial Age
33:50 Murder Holes
35:04 Town Patrol
35:30 Forging
36:03 Malon
36:29 Bodkin Arrow
36:59 Ballistics
36:58 Treadmill Crane
37:51 Crop Rotation
39:51 Conscription
40:09 Champi Runner
41:49 Champi Warrior
42:47 Elite Champi Warrior
44:07 Ring Archer Armor
46:17 Iron Casting
45:17 Halberdier
47:25 Scale Mail Armor
50:25 Blast Furnace
50:30 Chemistry
51:57 Butalmapu
56:00 Chain Mail Armor
61:18 Plate Mail Armor
60:16 Elite Bolas Rider
61:39 Elite Kona
el deshuesado
0:28 Loom
10:58 Feudal Age
17:41 Castle Age
27:18 Padded Archer Armor
31:18 Wheelbarrow
30:50 Elite Skirmisher
32:27 Leather Archer Armor
33:36 Squires
34:17 Pikeman
53:00 Double-Bit Axe
53:11 Fletching
57:08 Forging
58:21 Hand Cart
58:45 Bow Saw
59:15 Iron Casting
58:35 Gold Mining
62:22 Imperial Age
60:15 Scale Mail Armor
59:45 Crossbowman
64:11 Blast Furnace
62:48 Elite Longbowman
63:00 Halberdier
Yeyi Vicuña
6:06 Loom
11:48 Feudal Age
15:52 Castle Age
15:49 Double-Bit Axe
16:28 Forging
17:06 Bow Saw
18:17 Scale Barding Armor
21:31 Wheelbarrow
24:35 Gold Mining
25:01 Husbandry
25:37 Hand Cart
28:43 Iron Casting
28:50 Stone Mining
31:33 Chain Barding Armor
34:55 Imperial Age
35:18 Cavalier
38:39 Blast Furnace
38:19 Gold Shaft Mining
38:50 Paladin
42:02 Plate Barding Armor
41:57 Chivalry
45:25 Scale Mail Armor
47:14 Fletching
47:24 Padded Archer Armor
47:09 Elite Skirmisher
50:05 Chemistry
50:17 Bodkin Arrow
50:37 Leather Archer Armor
53:22 Conscription
52:23 Elite Throwing Axeman
54:49 Ballistics
55:03 Chain Mail Armor
58:31 Plate Mail Armor
59:14 Hoardings
El Subcomandante
10:04 Feudal Age
14:01 Castle Age
12:28 Double-Bit Axe
16:48 Chemistry
20:15 Loom
20:56 Horse Collar
25:25 Wheelbarrow
29:21 Imperial Age
27:09 Padded Archer Armor
27:22 Bow Saw
27:48 Heavy Plow
28:07 Fervor
29:21 Leather Archer Armor
30:16 Siege Engineers
31:00 Sanctity
32:03 Ring Archer Armor
37:30 Block Printing
37:34 Hussite Reforms
37:35 Wagenburg Tactics
37:52 Conscription
37:12 Houfnice
39:04 Hand Cart
41:30 Pikeman
42:12 Squires
42:00 Halberdier
42:46 Murder Holes
43:47 Scale Mail Armor
43:58 Forging
44:17 Fortified Wall
45:26 Town Watch
46:27 Chain Mail Armor
46:48 Iron Casting
49:43 Plate Mail Armor
51:03 Blast Furnace
Connection lost

Rejoining the realm…

Still unreachable

The connection could not be restored.

Session expired

The server has moved on; the page needs a fresh start.